 Dungeon Crawl Stone Soup version 0.13.0-3-g966e3ec (webtiles) character file.

105 MirrMurr the Sneak (level 2, 0/13 HPs)
             Began as a Spriggan Enchanter on Oct 13, 2013.
             Slain by a worm (8 damage)
             ... on Level 2 of the Dungeon.
             The game lasted 00:04:24 (1424 turns).

MirrMurr the Sneak (Spriggan Enchanter)             Turns: 1424, Time: 00:04:24

HP   0/13        AC  3     Str  4      XL: 2   Next: 72%
MP   6/6         EV 18     Int 16      God:
Gold 82          SH  0     Dex 16      Spells:  2 memorised,  0 levels left

Res.Fire  : . . .   See Invis. : +   a - +1 dagger {=f}
Res.Cold  : . . .   Warding    : .   b - +1 robe
Life Prot.: . . .   Conserve   : .   (shield restricted)
Res.Poison: .       Res.Corr.  : .   (helmet restricted)
Res.Elec. : .       Clarity    : .   (no cloak)
Sust.Abil.: . .     Spirit.Shd : .   (gloves unavailable)
Res.Mut.  : .       Stasis     : .   (boots unavailable)
Res.Rott. : .       Flight     : .   (no amulet)
Saprovore : . . .                    (no ring)
                                     (no ring)

@: very quick, slightly resistant to hostile enchantments, quite stealthy
A: unfitting armour, see invisible, herbivore 3, speed 3, slow metabolism 2
a: no special abilities


You were on level 2 of the Dungeon.
You were not hungry.

You visited 1 branch of the dungeon, and saw 2 of its levels.

You collected 62 gold pieces.

Inventory:

Hand weapons
 a - a +1,+1 dagger (weapon) {=f}
Missiles
 d - 12 darts (quivered)
Armour
 b - a +1 robe (worn)
Scrolls
 f - a scroll of amnesia {unknown}
 h - a scroll of curse jewellery {unknown}
 i - a scroll of curse armour {unknown}
 k - a scroll of fog
Potions
 e - a potion of porridge
 j - a potion of brilliance
 m - a potion of curing
Books
 c - a book of Maledictions

   Spells                             Type                      Level
   *Corona                            Hexes                        1
   Sure Blade                         Hexes/Charms                 2
   *Ensorcelled Hibernation           Hexes/Ice                    2
   Confuse                            Hexes                        3
   Enslavement                        Hexes                        4
   Invisibility                       Hexes                        6


   Skills:
 - Level 1.1 Short Blades
 - Level 1.1 Throwing
 - Level 3.0 Dodging
 + Level 5.2 Stealth
 - Level 1.3 Spellcasting
 - Level 3.6 Hexes


You couldn't memorise any spells.
You knew the following spells:

 Your Spells              Type           Power        Failure   Level  Hunger
a - Ensorcelled Hibernat  Hex/Ice        #.....       17%         2    ###....
Z - Corona                Hex            ##.....      8%          1    ##.....


Dungeon Overview and Level Annotations

Branches:
Dungeon (2/27)

Altars:


Innate Abilities, Weirdness & Mutations

You are tiny and cannot use many weapons and most armour.
You have supernaturally acute eyesight.
You are a herbivore.
You cover ground extremely quickly.
You need consume almost no food.


Message History

The worm bites you. The worm closely misses you.
You hit the worm but do no damage. You hit the worm.
The worm is lightly wounded.
The worm bites you but does no damage.
You hit the worm.
The worm is moderately wounded.
You hit the worm.
The worm is heavily wounded.
The worm closely misses you.
You hit the worm.
The worm is heavily wounded.
The worm bites you.
You hit the worm.
The worm is severely wounded.
You hit the worm but do no damage.
The worm is severely wounded.
The worm bites you!
Ouch! That really hurt!
You die...

#.# . #.# ... ..## ##.$ ...#
#.. ...# #.# ### ...#
##.###...... ...#####
####........)..
.......###.....###.......
...............#@........
.......###.....w.#.......
.....### ###..####......
...#.# #............ %..#.#
#.########### ...#.# #.#
######### .....# ##.##
#....%..#
#.#<#######...###.#####[#
#.#.....##.........####.####.#


You could see a worm.

Vanquished Creatures
  An adder (D:2)
  A ball python (D:2)
  4 goblins
  A hobgoblin (D:1)
  A quokka (D:2)
  A bat (D:1)
  A giant cockroach (D:2)
  3 giant newts
  2 rats (D:1)
15 creatures vanquished.

Notes
Turn   | Place    | Note
--------------------------------------------------------------
     0 | D:1      | MirrMurr, the Spriggan Enchanter, began the quest for the Orb.
     0 | D:1      | Reached XP level 1. HP: 9/9 MP: 4/4
   529 | D:1      | Reached skill level 4 in Stealth
   807 | D:1      | Reached XP level 2. HP: 13/13 MP: 6/6
   811 | D:1      | Learned a level 2 spell: Ensorcelled Hibernation
  1073 | D:2      | Reached skill level 5 in Stealth
  1424 | D:2      | Slain by a worm

Action                   || total
-------------------------++-------
Melee: Dagger            ||    85
 Cast: Ensorcelled Hiber ||     5
  Use: Scroll            ||     4
 Stab: Sleeping          ||     4
